 Dungeon Crawl Stone Soup version 0.23.0 (webtiles) character file.

Game seed: 2311089202735989495

4931 Hylith the Cleaver (level 10, -3/92 HPs)
             Began as a Minotaur Berserker on Feb 9, 2019.
             Was an Elder of Trog.
             Slain by Grum
             ... wielding a -2 halberd of freezing
              (5 damage)
             ... on level 8 of the Dungeon.
             The game lasted 00:11:31 (4446 turns).

Hylith the Cleaver (Minotaur Berserker)             Turns: 4446, Time: 00:11:32

Health: -3/92      AC: 16    Str: 25    XL:     10   Next: 27%
Magic:  9/9        EV:  8    Int:  4    God:    Trog [****..]
Gold:   387        SH:  0    Dex: 10    Spells: 9/9 levels left

rFire    + . .     SeeInvis +   s - +14 obsidian axe {chop, +Fly SInv *Curse} (curse)
rCold    . . .     Gourm    .   (no shield)
rNeg     . . .     Faith    .   l - +0 plate armour
rPois    .         Spirit   .   (helmet restricted)
rElec    .         Reflect  .   (no cloak)
rCorr    .         Harm     .   H - +0 pair of gloves
MR       .....                  o - +0 pair of boots
Stlth    ..........             (no amulet)
HPRegen  0.25/turn              u - ring of protection from fire
MPRegen  0.11/turn              A - ring of see invisible

@: marked, berserk cooldown, mesmerised, slowed, very slow
A: retaliatory headbutt, horns 2
a: Berserk, Trog's Hand, Brothers in Arms, Renounce Religion, Evoke Flight


You were on level 8 of the Dungeon.
You worshipped Trog.
Trog was greatly pleased with you.
You were near starving.

You visited 1 branch of the dungeon, and saw 8 of its levels.

You collected 387 gold pieces.

Inventory:

Hand Weapons
 a - a +0 hand axe
 s - the cursed +14 obsidian axe (weapon) {chop, +Fly SInv *Curse}
   (You found it on level 4 of the Dungeon)

   It inflicts extra damage upon your enemies.
   It lets you see invisible.
   It lets you fly.
   It curses itself when equipped.
   It has a curse placed upon it.
 y - a +3 halberd
 E - the +3 war axe "Geurel" {freeze, rN+, unknown}
   (You found it on level 7 of the Dungeon)

   It has been specially enchanted to freeze those struck by it, causing extra
   injury to most foes and up to half again as much damage against particularly
   susceptible opponents.
   It can also slow down cold-blooded creatures.
   It protects you from negative energy.
Armour
 l - a +0 plate armour (worn)
 o - a +0 pair of boots (worn)
 H - a +0 pair of gloves (worn)
Jewellery
 u - a ring of protection from fire (left hand)
 A - a ring of see invisible (right hand)
 F - an uncursed ring of protection from cold
Wands
 v - a wand of acid (8)
 x - a wand of paralysis (9)
 B - a wand of polymorph (6)
 D - a wand of disintegration (10)
Scrolls
 b - 8 scrolls of remove curse {unknown}
 f - 15 scrolls of identify {unknown}
 g - 3 scrolls of noise {unknown}
 h - 3 scrolls of fear {unknown}
 m - 2 scrolls of enchant armour {unknown}
 n - 2 scrolls of enchant weapon {unknown}
 q - a scroll of magic mapping {unknown}
 z - a scroll of fog {unknown}
Potions
 d - a potion of might {unknown}
 e - a potion of cancellation {unknown}
 i - 4 potions of degeneration {unknown}
 j - 3 potions of brilliance {unknown}
 k - 2 potions of heal wounds {unknown}
 p - 2 potions of invisibility {unknown}
 r - 4 potions of agility
 t - 2 potions of haste {unknown}
 w - 3 potions of lignification {unknown}
 C - a potion of mutation {unknown}
 G - a potion of berserk rage {unknown}
Comestibles
 c - 14 rations


   Skills:
 * Level 9.7 Fighting
 * Level 13.5 Axes
 * Level 8.2 Armour
 + Level 2.6 Dodging


You had 9 spell levels left.
You didn't know any spells.
Your spell library contained the following spells:

 Spells                   Type           Power        Failure   Level  Hunger
 Confusing Touch          Hex            #.....       100%        1    ##.....
 Confuse                  Hex            #.......     100%        3    ####...
 Gell's Gravitas          Tloc           #.........   100%        3    ####...
 Petrify                  Tmut/Erth      #.......     100%        4    #####..
 Metabolic Englaciation   Hex/Ice        #.........   100%        5    ######.
 Yara's Violent Unravell  Hex/Tmut       #.........   100%        5    ######.


Dungeon Overview and Level Annotations

Branches:
Dungeon (8/15)             Temple (0/1) D:6
   Lair: D:8-11

Altars:
Ashenzari
Gozag
Hepliaklqana
Kikubaaqudgha
Makhleb
Okawaru
Ru

Annotations:
D:8 Grum


Innate Abilities, Weirdness & Mutations

You reflexively headbutt those who attack you in melee.
You have a pair of horns on your head.


Message History

You break out of your daze!
You kill the bullfrog!
Trog accepts your kill.
Visions of slaying Grum flood into your mind.
You are no longer berserk.
You are exhausted.
You feel yourself slow down. Grum closely misses you.
You see here an arrow.
Grum hits you but does no damage.
Found 14 stones and a scroll labeled FERUDD TUITIU.
You slice Grum!! You headbutt Grum.
Grum is severely wounded.
Grum hits you with a -2 halberd of freezing!!
* * * LOW HITPOINT WARNING * * *
Grum freezes you!
* * * LOW HITPOINT WARNING * * *
You closely miss Grum. Your headbutt misses Grum.
Grum is severely wounded.
Grum hits you with a -2 halberd of freezing.
You die...

#.... ....... #.(..
....... ##....
.%..... #...>.
....... #.....
#####..%?... ###.####
#...(....... +.#.#
#....g.....( #.#.#
#...@#####+# #.#.#
#..)(.(.##.# #.#.#
#...(##.##.# #.#.#
......#.##.##.###.#.#
......#)##..........#
....$.#.#####.###.###
..<.. +.. #.# #.#
..... #?# #.# #.#
.... #.# #.# #.#


You could see Grum.

Vanquished Creatures
  Harold (D:8)
  A two-headed ogre (D:8)
  A hippogriff (D:8)
  The ghost of erker the Shield-Bearer, an amateur DDFi (D:4)
  A human (D:7)
  4 hogs (D:7)
  2 ice beasts
  An orc warrior (D:6)
  A sky beast (D:8)
  2 ogres
  A phantom (D:8)
  3 wolves (D:8)
  A centaur (D:8)
  A big kobold (D:5)
  4 bullfrogs
  A water moccasin zombie (D:7)
  2 scorpions
  5 wights (D:6)
  4 howler monkeys
  A crimson imp (D:6)
  A bullfrog zombie (D:8)
  A centaur zombie (D:4)
  A centaur skeleton (D:8)
  A jelly (D:5)
  2 orc wizards
  An orc priest (D:3)
  2 iguanas
  4 worker ants
  A hound skeleton (D:7)
  A worker ant zombie (D:7)
  4 gnolls (D:2)
  13 adders
  A howler monkey skeleton (D:6)
  An adder skeleton (D:6)
  6 worms
  2 dart slugs
  2 leopard geckos
  14 orcs
  8 bats
  7 giant cockroaches
  6 goblins
  5 hobgoblins
  3 quokkas
  5 frilled lizards
  A jackal zombie (D:5)
  9 kobolds
  A quokka skeleton (D:6)
  6 rats
147 creatures vanquished.

Vanquished Creatures (collateral kills)
  A sky beast (D:6)
  A phantom (D:6)
  A worker ant (D:6)
  2 shadow imps (D:6)
  2 orcs
  A kobold (D:5)
8 creatures vanquished.

Grand Total: 155 creatures vanquished

Notes
Turn   | Place    | Note
-------+----------+-------------------------------------------
     0 | D:1      | Hylith the Minotaur Berserker began the quest for the Orb.
     0 | D:1      | Reached XP level 1. HP: 19/19 MP: 0/0
   474 | D:2      | Reached skill level 4 in Axes
   474 | D:2      | Reached XP level 2. HP: 21/27 MP: 1/1
   510 | D:2      | Found a sacrificial altar of Ru.
   520 | D:2      | Reached XP level 3. HP: 10/33 MP: 2/2
   673 | D:2      | Reached XP level 4. HP: 26/41 MP: 3/3
   702 | D:2      | Reached ** piety under Trog
   709 | D:2      | Found a hazy altar of Hepliaklqana.
   772 | D:2      | Noticed a bullfrog
   783 | D:2      | Killed a bullfrog
   783 | D:2      | Reached skill level 5 in Fighting
   783 | D:2      | Reached skill level 5 in Axes
   783 | D:2      | Reached XP level 5. HP: 38/48 MP: 4/4
  1379 | D:3      | Reached *** piety under Trog
  1414 | D:3      | Reached XP level 6. HP: 42/57 MP: 5/5
  1562 | D:3      | Found an opulent altar of Gozag.
  1570 | D:3      | Found an ancient bone altar of Kikubaaqudgha.
  1570 | D:3      | Found a shattered altar of Ashenzari.
  1703 | D:4      | Found the cursed +14 obsidian axe {chop, +Fly SInv *Curse}
  1758 | D:4      | Reached skill level 6 in Axes
  1916 | D:4      | Found a large runed translucent door.
  1916 | D:4      | Found a large runed translucent door.
  1950 | D:4      | Noticed erker's ghost (amateur DDFi)
  2027 | D:4      | Found a burning altar of Makhleb.
  2039 | D:4      | Reached skill level 7 in Axes
  2043 | D:4      | Reached XP level 7. HP: 63/63 MP: 6/6
  2283 | D:4      | Killed erker's ghost
  2343 | D:5      | Entered Level 5 of the Dungeon
  2491 | D:5      | Found an iron altar of Okawaru.
  2679 | D:5      | Reached skill level 8 in Axes
  2932 | D:6      | Reached skill level 5 in Armour
  2970 | D:6      | Found a staircase to the Ecumenical Temple.
  3004 | D:6      | Reached **** piety under Trog
  3004 | D:6      | Reached XP level 8. HP: 27/71 MP: 7/7
  3020 | D:6      | Reached skill level 9 in Axes
  3486 | D:6      | Reached skill level 10 in Axes
  3894 | D:7      | Got a crude war axe
  4041 | D:7      | Reached skill level 11 in Axes
  4041 | D:7      | Reached XP level 9. HP: 80/81 MP: 8/8
  4208 | D:8      | Noticed a two-headed ogre
  4218 | D:8      | Killed a two-headed ogre
  4218 | D:8      | Reached skill level 12 in Axes
  4427 | D:8      | Noticed Harold
  4435 | D:8      | Killed Harold
  4435 | D:8      | Reached skill level 13 in Axes
  4435 | D:8      | Reached XP level 10. HP: 49/91 MP: 9/9
  4441 | D:8      | Noticed Grum
  4445 | D:8      | HP: 1/92 [Grum/-2 halberd of freezing (8)]
  4446 | D:8      | Slain by Grum

Skill      XL: |  1  2  3  4  5  6  7  8  9 |
---------------+----------------------------+-----
Axes           | 4 5 7 8 11 13 | 13.5
Fighting       | 4 5 6 7 9 |  9.7
Armour         | 3 4 5 6 8 |  8.2
Dodging        | |  2.6

Action                   |  1- 3 |  4- 6 |  7- 9 | 10-12 || total
-------------------------+-------+-------+-------+-------++-------
Melee: Hand axe          |    39 |   119 |       |       ||   158
       Headbutt          |     8 |    24 |    19 |     1 ||    52
       Broad axe         |       |    18 |   120 |     6 ||   144
Invok: Berserk           |       |       |     2 |       ||     2
  Eat: Chunk             |       |     3 |     5 |       ||     8
       Ration            |       |       |     1 |       ||     1
Armor: Animal skin       |     3 |       |       |       ||     3
       Plate armour      |    21 |    84 |    57 |     4 ||   166
Dodge: Dodged            |    18 |    43 |    50 |     2 ||   113
